 Dungeon Crawl Stone Soup version 0.21.1-1-g345015f (webtiles) character file.

26439 Falco the Arsonist (level 12, -7/91 HPs)
             Began as a Demigod Fire Elementalist on May 9, 2018.
             Killed from afar by a manticore (17 damage)
             ... with a volley of spikes
             ... on level 12 of the Dungeon.
             The game lasted 03:10:56 (20168 turns).

Falco the Arsonist (Demigod Fire Elementalist)     Turns: 20168, Time: 03:10:57

Health: -7/91      AC: 11    Str: 13    XL:     12   Next: 61%
Magic:  28/30      EV:  9    Int: 36    God:
Gold:   968        SH:  4    Dex: 11    Spells: 1/30 levels left

rFire    + . .     SeeInvis .   a - +7 dagger (drain)
rCold    + . .     Gourm    .   (no shield)
rNeg     . . .     Faith    .   V - +3 scale mail of Sifrep {*Drain rPois Int+8 Dex-5}
rPois    +         Spirit   .   (no helmet)
rElec    .         Reflect  .   u - scarf {rC+ rF+}
rCorr    .         Harm     .   K - +1 pair of gloves
MR       +....     Rnd*Rage +   w - +2 pair of boots
Stlth    +.........             I - amulet of magic regeneration
HPRegen  0.25/turn              m - ring of stealth
MPRegen  0.47/turn              C - +3 ring of intelligence

@: barbed spikes, corroded, very slightly contaminated, very heavily drained
A: hooves 1, large bone plates 1, rugged brown scales 1, berserk 1, high mp 1
a: no special abilities


You were on level 12 of the Dungeon.
You were near starving.

You visited 4 branches of the dungeon, and saw 18 of its levels.
You also visited: Sewer.

You collected 968 gold pieces.

Inventory:

Hand Weapons
 a - a +7 dagger of draining (weapon)
 b - a +0 blowgun
 i - a +0 great mace of crushing
Missiles
 q - 11 curare-tipped needles
 r - 96 poisoned needles
 E - 5 tomahawks of returning (quivered)
 H - a throwing net
Armour
 l - a scarf of spirit shield
 u - a scarf of resistance (worn)
 w - a +2 pair of boots (worn)
 K - a +1 pair of gloves (worn)
 O - a +3 leather armour
 V - the +3 scale mail of Sifrep (worn) {*Drain rPois Int+8 Dex-5}
   (You found it on level 11 of the Dungeon)

   It affects your intelligence (+8).
   It affects your dexterity (-5).
   It protects you from poison.
   It causes draining when unequipped.
Magical Staves
 P - an uncursed staff of air
 S - an uncursed staff of summoning
Jewellery
 g - an uncursed amulet of regeneration
 m - a ring of stealth (left hand)
 C - a +3 ring of intelligence (right hand)
 F - an uncursed ring of protection from fire
 I - an amulet of magic regeneration (around neck)
Wands
 c - a wand of acid (6)
 f - a wand of enslavement (28)
 v - a wand of polymorph (15)
 y - a wand of random effects (31)
 D - a wand of scattershot (4)
 G - a wand of digging (18)
 N - a wand of flame (35)
 R - a wand of disintegration (5)
Scrolls
 e - 2 scrolls of random uselessness {unknown}
 j - a scroll of holy word {unknown}
 n - 5 scrolls of magic mapping
 z - 4 scrolls of blinking {unknown}
 B - 4 scrolls of remove curse
 Q - 2 scrolls of amnesia
 T - a scroll of fear {unknown}
 Z - 2 scrolls of vulnerability {unknown}
Potions
 d - a potion of ambrosia
 h - 11 potions of curing
 k - a potion of haste
 o - 4 potions of might
 A - a potion of heal wounds
 J - a potion of invisibility {unknown}
 L - 2 potions of brilliance
Books
 p - a book of Flames

   Spells                             Type                      Level
   a - Flame Tongue                   Conjuration/Fire             1
   b - Throw Flame                    Conjuration/Fire             2
   c - Conjure Flame                  Conjuration/Fire             3
   d - Inner Flame                    Hexes/Fire                   3
   e - Sticky Flame                   Conjuration/Fire             4
   f - Fireball                       Conjuration/Fire             5
 s - a book of Frost

   Spells                             Type                      Level
   a - Freeze                         Ice                          1
   b - Throw Frost                    Conjuration/Ice              2
   c - Ozocubu's Armour               Charms/Ice                   3
   d - Throw Icicle                   Conjuration/Ice              4
   e - Summon Ice Beast               Ice/Summoning                4
 M - a book of Geomancy

   Spells                             Type                      Level
   a - Sandblast                      Earth                        1
   b - Passwall                       Transmutation/Earth          2
   c - Stone Arrow                    Conjuration/Earth            3
   d - Petrify                        Transmutation/Earth          4
   e - Lee's Rapid Deconstruction     Earth                        5
 U - a book of Clouds

   Spells                             Type                      Level
   a - Poisonous Vapours              Poison/Air                   2
   b - Mephitic Cloud                 Conjuration/Poison/Air       3
   c - Conjure Flame                  Conjuration/Fire             3
   d - Freezing Cloud                 Conjuration/Ice/Air          6
   e - Ring of Flames                 Charms/Fire                  7
 X - a book of Cantrips

   Spells                             Type                      Level
   a - Confusing Touch                Hexes                        1
   b - Animate Skeleton               Necromancy                   1
   c - Summon Small Mammal            Summoning                    1
   d - Apportation                    Translocation                1
 Y - a book of Air

   Spells                             Type                      Level
   a - Shock                          Conjuration/Air              1
   b - Swiftness                      Charms/Air                   2
   c - Static Discharge               Conjuration/Air              3
   d - Airstrike                      Air                          4
   e - Lightning Bolt                 Conjuration/Air              5
Miscellaneous
 x - a lamp of fire


   Skills:
 - Level 3.4(0.3) Fighting
 - Level 4.5(1.3) Short Blades
 - Level 0.4(0.0) Throwing
 + Level 1.7(0.0) Armour
 - Level 6.2(2.8) Dodging
 - Level 4.0(0.9) Stealth
   Level 1.2(0.0) Shields
 - Level 0.1(0.0) Unarmed Combat
 - Level 9.7(6.0) Spellcasting
 - Level 8.9(5.3) Conjurations
 - Level 1.0(0.0) Hexes
 - Level 4.8(1.6) Charms
 - Level 0.2(0.0) Translocations
 - Level 10.3(6.6) Fire Magic
 - Level 3.8(0.7) Air Magic


You had one spell level left.
You knew the following spells:

 Your Spells              Type           Power        Failure   Level  Hunger
a - Flame Tongue          Conj/Fire      #####        1%          1    None
b - Throw Flame           Conj/Fire      ######       2%          2    None
c - Inner Flame           Hex/Fire       ####....     13%         3    None
d - Conjure Flame         Conj/Fire      ######..     4%          3    None
e - Sticky Flame          Conj/Fire      ######..     14%         4    ##.....
f - Fireball              Conj/Fire      ######....   38%         5    ####...
g - Ring of Flames        Chrm/Fire      #####.....   100%        7    #######
h - Shock                 Conj/Air       ####         4%          1    None
i - Apportation           Tloc           ##....       17%         1    None
j - Swiftness             Chrm/Air       ###.....     16%         2    None


Dungeon Overview and Level Annotations

Branches:
Dungeon (12/15)            Temple (1/1) D:5            Lair (4/6) D:9
  Swamp (0/4) Lair:3        Snake (0/4) Lair:2          Orc (1/2) D:10

Shops:
D:9 *


Innate Abilities, Weirdness & Mutations

You have an increased reservoir of magic. (+10% MP)
You have large cloven feet.
You are partially covered in large bone plates. (SH +4)
You are partially covered in rugged brown scales. (AC +1, +3% HP)
You tend to lose your temper in combat.


Message History

Casting: Sticky Flame
Confirm with . or Enter, or press ? or * to list all spells.
You miscast Swiftness.
Ouch! You feel a sudden electric shock. The manticore barely misses you.
The manticore claws you!
* * * LOW HITPOINT WARNING * * *
The manticore claws you!
* * * LOW HITPOINT WARNING * * *
Two slime creatures merge to form a large slime creature.
A slime creature suddenly becomes a very large slime creature.
A slime creature suddenly becomes an enormous slime creature.
You open the door. The manticore barely misses you.
The manticore claws you but does no damage.
The manticore claws you.
* * * LOW HITPOINT WARNING * * *
Found a long sword.
There is an open door here.
The manticore flicks its tail.
The volley of spikes hits you!
The barbed spikes become lodged in your body.
You die...

########################
..........#.........)...
..........#.............
..........#............
..........#....#..... ####
..........#....#..# #..#
..........#...H'@.+ +..#
....J.....#....#### #.<##
.....J..J.#.......# #...#
.......D..#J......#####+##...#
..........'.......#..........# ##
..........#..(....#..........#..#
..........#.......#......#####..#
.........#########......#...#..#
........# ..........#...#..#


You could see an enormous slime creature and a manticore.

Vanquished Creatures
  Fannar (Lair:1)
  3 hydras
  Erica (D:9)
  The ghost of filthincarnate the Slicer, a journeyman KoAK of Lugonu (Orc:1)
  A two-headed ogre (D:8)
  2 death yaks (Lair:4)
  A wizard (D:10)
  A cyclops (D:11)
  A black mamba (Lair:3)
  Maurice (D:11)
  7 spiny frogs
  A gargoyle (D:10)
  2 komodo dragons (Lair:1)
  2 trolls
  A hornet (D:9)
  Prince Ribbit (D:9)
  14 blink frogs
  3 hippogriffs
  16 yaks
  A shadow (D:11)
  A spriggan (D:9)
  Grum (D:8)
  4 basilisks
  A wyvern (D:9)
  3 hungry ghosts
  2 nagas (Lair:2)
  3 water moccasins
  5 porcupines
  3 hornet zombies
  A sky beast (D:9)
  2 black bears (D:7)
  5 orc warriors
  2 phantoms
  7 ogres
  4 wolves (D:8)
  11 centaurs
  7 crocodiles
  4 big kobolds
  15 bullfrogs
  A wyvern zombie (D:9)
  4 scorpions
  8 wights
  6 howler monkeys
  2 electric eels (Lair:3)
  4 crimson imps
  2 jellies
  A quasit (D:10)
  A bullfrog zombie (D:11)
  3 bullfrog skeletons
  9 hounds
  2 centaur skeletons
  8 orc priests
  Jessica (D:2)
  4 iguanas
  3 orc wizards
  6 worker ants
  7 hell rats (Lair:3)
  4 hound skeletons
  4 gnolls (D:12)
  10 adders
  13 river rats (Lair:3)
  2 shadow imps (D:7)
  An adder zombie (D:7)
  3 worms (D:2)
  3 dart slugs
  3 leopard geckos
  29 orcs
  6 giant cockroaches
  8 hobgoblins
  10 jackals
  26 kobolds
  13 quokkas
  5 ball pythons
  12 bats
  8 frilled lizards
  9 goblins
  2 jackal skeletons
  A leopard gecko zombie (D:8)
  20 rats
  2 plants
408 creatures vanquished.

Vanquished Creatures (others)
  6 fungi
  6 plants
12 creatures vanquished.

Grand Total: 420 creatures vanquished

Notes
Turn   | Place    | Note
-------+----------+-------------------------------------------
     0 | D:1      | Falco the Demigod Fire Elementalist began the quest for the Orb.
     0 | D:1      | Reached XP level 1. HP: 14/14 MP: 5/5
   119 | D:1      | Reached skill level 1 in Conjurations
   349 | D:1      | Reached skill level 3 in Fire Magic
   367 | D:1      | Reached XP level 2. HP: 20/20 MP: 4/7
   371 | D:1      | Learned a level 2 spell: Throw Flame
  1285 | D:2      | Noticed Jessica
  1287 | D:2      | Reached XP level 3. HP: 26/26 MP: 3/8
  1296 | D:2      | Killed Jessica
  1463 | D:2      | Learned a level 3 spell: Inner Flame
  1973 | D:2      | Reached XP level 4. HP: 33/33 MP: 6/10
  2565 | D:3      | Noticed a bullfrog
  2576 | D:3      | Killed a bullfrog
  2576 | D:3      | Reached XP level 5. HP: 15/38 MP: 0/12
  2581 | D:3      | Learned a level 3 spell: Conjure Flame
  2784 | D:3      | Found a white marble altar of Elyvilon.
  3535 | D:4      | Reached skill level 1 in Fighting
  3535 | D:4      | Reached XP level 6. HP: 23/47 MP: 4/14
  3659 | D:4      | Found a glowing drain.
  3670 | Sewer    | Entered a sewer
  4155 | Sewer    | Reached skill level 4 in Fire Magic
  4588 | D:4      | Reached XP level 7. HP: 52/52 MP: 10/16
  4594 | D:4      | Learned a level 4 spell: Sticky Flame
  5002 | D:5      | Entered Level 5 of the Dungeon
  5385 | D:5      | Reached skill level 1 in Hexes
  5623 | D:5      | Reached skill level 5 in Spellcasting
  5947 | D:5      | Found a staircase to the Ecumenical Temple.
  6010 | Temple   | Entered the Ecumenical Temple
  6378 | D:6      | Found a blossoming altar of Fedhas.
  6571 | D:6      | Reached skill level 5 in Fire Magic
  6571 | D:6      | Reached XP level 8. HP: 42/59 MP: 8/19
  7130 | D:6      | Reached skill level 1 in Short Blades
  7495 | D:7      | Found a sand-covered staircase.
  7553 | D:7      | Learned a level 5 spell: Fireball
  7567 | D:7      | Gained mutation: You have large cloven feet. [potion of mutation]
  7567 | D:7      | Gained mutation: You are partially covered in rugged brown scales. (AC +1, +3% HP) [potion of mutation]
  7567 | D:7      | Gained mutation: You tend to lose your temper in combat. [potion of mutation]
  7567 | D:7      | Gained mutation: You are partially covered in large bone plates. (SH +4) [potion of mutation]
  7590 | D:7      | Reached skill level 5 in Conjurations
  7808 | D:7      | Reached skill level 6 in Fire Magic
  7839 | D:7      | Reached XP level 9. HP: 69/69 MP: 22/22
  8301 | D:7      | Found a shadowy altar of Dithmenos.
  8302 | D:7      | Found an opulent altar of Gozag.
  8542 | D:8      | Noticed a two-headed ogre
  8550 | D:8      | Killed a two-headed ogre
  8702 | D:8      | Reached skill level 1 in Shields
  9128 | D:8      | Noticed Grum
  9403 | D:8      | Killed Grum
  9600 | D:9      | Reached skill level 5 in Dodging
  9600 | D:9      | Reached XP level 10. HP: 77/77 MP: 21/24
  9670 | D:9      | Noticed Prince Ribbit
  9677 | D:9      | Killed Prince Ribbit
  9714 | D:9      | Noticed Erica
  9723 | D:9      | Killed Erica
  9723 | D:9      | Reached skill level 7 in Fire Magic
  9751 | D:9      | Found a staircase to the Lair.
 10201 | D:9      | Found Xaulylef's Serpentskin Sales.
 10835 | D:9      | Found an ancient bone altar of Kikubaaqudgha.
 10864 | Lair:1   | Entered Level 1 of the Lair of Beasts
 11438 | Lair:1   | Noticed Fannar
 11447 | Lair:1   | Reached XP level 11. HP: 76/84 MP: 5/27
 11449 | Lair:1   | Killed Fannar
 11449 | Lair:1   | Reached skill level 8 in Fire Magic
 11458 | Lair:1   | Learned a level 7 spell: Ring of Flames
 11460 | Lair:1   | Learned a level 1 spell: Shock
 11462 | Lair:1   | Learned a level 1 spell: Apportation
 11613 | Lair:1   | Reached skill level 1 in Charms
 11617 | Lair:1   | Noticed a seven-headed hydra
 11675 | Lair:2   | Found a staircase to the Snake Pit.
 12020 | Lair:2   | Reached skill level 1 in Air Magic
 12235 | Lair:2   | Noticed a seven-headed hydra
 12242 | Lair:2   | HP: 2/84 [seven-headed hydra (9)]
 12243 | Lair:2   | Killed a seven-headed hydra
 13327 | Lair:1   | Killed a seven-headed hydra
 14037 | Lair:3   | Found a staircase to the Swamp.
 14289 | Lair:3   | Reached skill level 9 in Fire Magic
 14904 | Lair:3   | Reached XP level 12. HP: 83/91 MP: 17/29
 15843 | Lair:4   | Noticed a five-headed hydra
 15854 | Lair:4   | HP: 1/91 [five-headed hydra (5)]
 16206 | Lair:4   | Noticed a six-headed hydra
 16955 | Lair:4   | Killed a six-headed hydra
 17521 | D:10     | Entered Level 10 of the Dungeon
 17670 | D:10     | Reached skill level 10 in Fire Magic
 18062 | D:10     | Found a staircase to the Orcish Mines.
 18278 | D:10     | Learned a level 2 spell: Swiftness
 18604 | Orc:1    | Entered Level 1 of the Orcish Mines
 18604 | Orc:1    | Noticed filthincarnate's ghost (journeyman KoAK)
 18779 | Orc:1    | Killed filthincarnate's ghost
 19254 | D:11     | Noticed Maurice
 19263 | D:11     | Killed Maurice
 19760 | D:11     | Got a shimmering scale mail
 19771 | D:11     | Identified the +3 scale mail of Sifrep {*Drain rPois Int+8 Dex-5} (You found it on level 11 of the Dungeon)
 19912 | D:11     | Reached skill level 1 in Armour
 20168 | D:12     | Killed from afar by a manticore

Skill      XL: |  1  2  3  4  5  6  7  8  9 10 11 12 |
---------------+-------------------------------------+-----
Conjurations   | 1 2 3 4 5 7 8 |  8.9
Fire Magic     | 3 4 5 6 7 9 10 | 10.3
Stealth        | 2 3 4 |  4.0
Spellcasting   | 2 3 4 5 6 8 9 |  9.7
Dodging        | 2 3 5 6 |  6.2
Fighting       | 1 2 3 |  3.4
Hexes          | 1 |  1.0
Short Blades   | 2 3 4 |  4.5
Shields        | 1 |  1.2
Charms         | 4 |  4.8
Air Magic      | 2 3 |  3.8
Armour         | 1 |  1.7
Throwing       | |  0.4
Unarmed Combat | |  0.1
Translocations | |  0.2

Action                   |  1- 3 |  4- 6 |  7- 9 | 10-12 || total
-------------------------+-------+-------+-------+-------++-------
Melee: Unarmed           |    21 |       |    14 |       ||    35
       Dagger            |     4 |    46 |   167 |   259 ||   476
 Fire: Blowgun           |       |       |     7 |       ||     7
Throw: Tomahawk          |       |       |       |     5 ||     5
 Cast: Flame Tongue      |    39 |    45 |   195 |   356 ||   635
       Throw Flame       |    33 |    60 |    78 |   130 ||   301
       Inner Flame       |       |     7 |       |     1 ||     8
       Conjure Flame     |       |     2 |     2 |    20 ||    24
       Sticky Flame      |       |       |     2 |    61 ||    63
       Fireball          |       |       |     6 |    56 ||    62
       Shock             |       |       |       |     7 ||     7
       Apportation       |       |       |       |     2 ||     2
       Swiftness         |       |       |       |     2 ||     2
Evoke: Wand              |       |       |       |     1 ||     1
  Use: Scroll            |     3 |     7 |    10 |    12 ||    32
       Potion            |       |       |    13 |     4 ||    17
 Stab: Sleeping          |       |     1 |       |       ||     1
  Eat: Ration            |     2 |     3 |     7 |    15 ||    27
       Chunk             |       |       |       |     1 ||     1
Armor: Robe              |    23 |    15 |    57 |    68 ||   163
       Skin              |       |       |     2 |       ||     2
       Scale mail        |       |       |       |    31 ||    31
       Leather armour    |       |       |       |    11 ||    11
Dodge: Dodged            |    38 |    45 |   172 |   263 ||   518
Block: Other             |       |       |    18 |    62 ||    80
